 Dungeon Crawl Stone Soup version 0.24.0-13-gcf9b3192b9 (webtiles) character file.

Game seed: 12777749662954963761, levelgen mode: deterministic

176994 Curus the Slayer (level 17, -3/178 HPs)
             Began as a Minotaur Gladiator on Nov 5, 2019.
             Was the Champion of Trog.
             Shot with an arrow by a naga sharpshooter (4 damage)
             ... on level 3 of the Snake Pit.
             The game lasted 02:09:32 (22675 turns).

Curus the Slayer (Minotaur Gladiator)              Turns: 22675, Time: 02:09:33

Health: -3/178     AC: 42    Str: 26    XL:     17   Next: 52%
Magic:  6/6        EV: 10    Int:  9    God:    Trog [******]
Gold:   2135       SH:  0    Dex: 14    Spells: 16/16 levels left

rFire    . . .     SeeInvis +   V - +5 lajatang (antimagic)
rCold    . . .     Gourm    .   (shield currently unavailable)
rNeg     . . .     Faith    .   v - +9 plate armour of Qoux {Str+2}
rPois    +         Spirit   .   c - +2 hat
rElec    .         Reflect  .   I - +2 cloak {MR+}
rCorr    .         Harm     .   C - +1 pair of gloves
MR       +++++                  X - +2 pair of boots
Stlth    ..........             e - amulet of regeneration
HPRegen  1.79/turn              n - +3 ring of slaying
MPRegen  0.10/turn              N - ring "Trusted Companion" {rPois MR+ EV+3 Str+2}

@: lethally poisoned (-3 -> -3), berserk cooldown, regenerating, slowed,
constricted, studying Axes, very slow
A: retaliatory headbutt, horns 2, see invisible, clever 1
a: Berserk, Trog's Hand, Brothers in Arms, Renounce Religion


You were on level 3 of the Snake Pit.
You worshipped Trog.
Trog was exalted by your worship.
You were very hungry.

You visited 5 branches of the dungeon, and saw 30 of its levels.
You also visited: Ice Cave.

You collected 2986 gold pieces.
You spent 851 gold pieces at shops.

Inventory:

Hand Weapons
 r - a +4 quarterstaff of draining
 V - a +5 antimagic lajatang (weapon)
Missiles
 d - 4 throwing nets (quivered)
Armour
 c - a +2 hat (worn)
 v - the +9 plate armour of Qoux (worn) {Str+2}
   (You took it off an orc on level 4 of the Dungeon)

   It affects your strength (+2).
 C - a +1 pair of gloves (worn)
 I - a +2 cloak of magic resistance (worn)
 X - a +2 pair of boots (worn)
Jewellery
 e - an amulet of regeneration (around neck)
 l - a +3 ring of dexterity
 n - a +3 ring of slaying (left hand)
 w - an uncursed ring of resist corrosion
 y - a cursed -2 ring of strength
 K - a +4 ring of strength
 L - an uncursed ring of teleportation
 M - an uncursed ring of magical power
 N - the ring "Trusted Companion" (right hand) {rPois MR+ EV+3 Str+2}
   (You found it on level 5 of the Lair of Beasts)

   [ring of evasion]

   It affects your evasion (+3).
   It affects your strength (+2).
   It protects you from poison.
   It affects your resistance to hostile enchantments.
 R - an uncursed amulet of magic regeneration
 S - the amulet "Tylewej" {Faith rElec}
   (You found it on level 14 of the Dungeon)

   [amulet of faith]

   It allows you to gain divine favour quickly.
   It insulates you from electricity.
 U - the ring of Anaig {rPois rC+}
   (You found it on level 9 of the Dungeon)

   [ring of protection from cold]

   It protects you from cold.
   It protects you from poison.
 Y - the ring of Ajolim {Dex+4 SInv}
   (You bought it in a shop on level 2 of the Orcish Mines)

   [ring of dexterity]

   It affects your dexterity (+4).
   It lets you see invisible.
Wands
 a - a wand of acid (7)
 k - a wand of digging (5)
 o - a wand of polymorph (9)
 t - a wand of random effects (38)
 u - a wand of flame (31)
 z - a wand of iceblast (16)
 D - a wand of enslavement (18)
 G - a wand of disintegration (22)
Scrolls
 h - 6 scrolls of amnesia
 j - 24 scrolls of identify
 m - 8 scrolls of fog
 p - 6 scrolls of teleportation
 q - 16 scrolls of remove curse
 s - 2 scrolls of blinking
 F - 6 scrolls of fear
 Q - 4 scrolls of magic mapping
 T - 2 scrolls of holy word
 W - 2 scrolls of enchant weapon
Potions
 b - a potion of ambrosia
 g - 6 potions of might
 i - 11 potions of curing
 x - 4 potions of heal wounds
 A - 2 potions of flight
 B - 11 potions of brilliance
 E - a potion of magic
 O - a potion of cancellation
 Z - 2 potions of agility
Books
 P - a manual of Axes
Comestibles
 f - 57 rations


   Skills:
 + Level 22.5 Fighting
 - Level 14.0 Staves
 - Level 2.0 Throwing
 + Level 22.4 Armour
 - Level 3.2 Dodging
 - Level 6.2 Evocations


You had 16 spell levels left.
You didn't know any spells.
Your spell library was empty.

Dungeon Overview and Level Annotations

Branches:
Dungeon (15/15)            Temple (0/1) D:7            Lair (6/6) D:9
  Swamp (4/4) Lair:2        Snake (3/4) Lair:2        Slime (0/5) Lair:5
    Orc (2/2) D:10            Elf (0/3) Orc:2        Vaults (0/5) D:14
 Depths (0/5) D:15          IceCv (visited)

Altars:
Kikubaaqudgha
Ru
Trog
Vehumet
Xom
Zin
The Shining One
Beogh
Jiyva
Lugonu

Shops:
D:13 (   D:15 =   Orc:2 =}[([   Snake:2 ?


Innate Abilities, Weirdness & Mutations

You reflexively headbutt those who attack you in melee.
You have a pair of horns on your head.
You have supernaturally acute eyesight. (SInv)
Your mind is acute. (Int +2)


Message History

* * * LOW HITPOINT WARNING * * *
The anaconda constricts you.
The naga sharpshooter mumbles some strange words.
The naga sharpshooter magically shoots an arrow.
The arrow hits you but does no damage.
Your deep troll barely misses the naga mage.
Your deep troll claws the naga mage!
Your deep troll claws the naga mage.
The naga mage gestures wildly while chanting.
The naga mage seems to speed up.
Your deep troll closely misses the naga warrior.
Your deep troll claws the naga warrior!
Your deep troll closely misses the naga warrior.
The naga sharpshooter unwields a +0 war axe.
The naga sharpshooter wields a -1 arbalest.
The naga sharpshooter gestures wildly while chanting.
The naga sharpshooter magically shoots a bolt.
The bolt hits you!!
* * * LOW HITPOINT WARNING * * *
The naga sharpshooter shoots an arrow.
The arrow hits you.
You die...

.....$$................
.......................
#................)(...
#..............))).(
#....)............#.
##.NN....!.##.......
#NN###?...##...###.
...####(####.........##.
.....TN@S####..#.....##.
##..##.)S.# #......#....
# ##N#N# ....#..####.
#)T.N..S.<# .. ...
.....(#..##.. ...
######...... ... #.#
..... . ... ....^ .#.
....


You could see a naga warrior, 3 naga sharpshooters, an anaconda, a mana viper, a
naga mage, 3 nagas and 2 friendly deep trolls.

Vanquished Creatures
  Jorgrun (Swamp:1)
  2 tentacled monstrosities
  Gastronok (Lair:1)
  Kirke (D:14)
  Donald (Swamp:3)
  2 nagarajas (Snake:3)
  An orc warlord (Orc:2)
  A frost giant (IceCv)
  Aizul (Snake:1)
  Azrael (D:13)
  6 dire elephants (Lair:6)
  The ghost of ponobo the Destroyer, a journeyman DrCj of Dithmenos (Lair:3)
  Snorg (D:11)
  A vault guard (D:14)
  Fannar (D:10)
  A yaktaur captain (D:15)
  2 ghost crabs (Swamp:3)
  A rakshasa (D:14)
  4 shambling mangroves
  12 hydras
  2 anacondas
  8 centaur warriors
  An ogre mage (D:15)
  3 naga warriors
  2 death knights
  7 alligators
  9 two-headed ogres
  The ghost of Curus the Carver, a novice MiGl of Okawaru (Lair:1)
  A tengu warrior (D:14)
  2 death yaks (IceCv)
  5 naga sharpshooters
  Urug (D:13)
  Nergalle (Orc:1)
  4 shock serpents
  5 spriggans
  Sonja (D:10)
  2 salamander mystics (Snake:3)
  3 unseen horrors
  A deep elf archer (D:14)
  A swamp dragon (shapeshifter) (D:14)
  2 naga ritualists
  2 wizards (D:14)
  2 orc knights (Orc:2)
  A wolf spider zombie (D:15)
  A necromancer (D:14)
  5 mana vipers
  3 orc sorcerers (Orc:2)
  3 manticores
  A wolf spider (D:15)
  6 ugly things
  14 slime creatures
  7 salamanders
  2 deep elf magi (D:14)
  8 cyclopes
  13 elephants
  A guardian serpent (Snake:2)
  19 black mambas
  An ice statue (IceCv)
  3 naga magi
  4 spiny frogs
  2 gargoyles
  A rime drake (Lair:5)
  10 komodo dragons
  A redback zombie (D:15)
  6 yaktaurs (D:15)
  2 kobold demonologists (D:13)
  A freezing wraith (D:14)
  3 tengu conjurers (D:14)
  A queen bee (D:13)
  8 trolls
  6 meliai
  8 tyrant leeches
  17 polar bears
  Grinder (D:6)
  21 blink frogs
  7 hornets
  Prince Ribbit (Lair:3)
  A hippogriff (shapeshifter) (D:14)
  A harpy skeleton (D:14)
  4 bog bodies
  2 dream sheep (D:8)
  8 hippogriffs
  A centaur simulacrum (D:15)
  A vampire (D:12)
  70 yaks
  2 fire elementals (D:13)
  A wraith (D:15)
  7 wyverns
  3 shadows
  22 humans (D:14)
  Grum (Lair:1)
  3 hogs (D:14)
  5 basilisks
  2 hungry ghosts
  11 vampire mosquitoes
  3 steam dragons
  10 swamp worms
  17 nagas
  5 wargs
  5 insubstantial wisps (Swamp:3)
  5 hell hounds (D:13)
  5 porcupines
  An ice beast (D:13)
  9 water moccasins
  4 swamp drakes
  A hornet zombie (D:15)
  3 sky beasts
  28 orc warriors
  7 black bears
  4 phantoms
  26 wolves
  2 eyes of draining (D:10)
  3 necrophages
  A boggart (Lair:3)
  9 ogres
  21 centaurs
  19 crocodiles
  9 big kobolds
  16 bullfrogs
  A wyvern zombie (D:14)
  9 scorpions
  2 jellies (D:6)
  38 killer bees
  2 electric eels (D:10)
  5 howler monkeys
  4 wights (D:9)
  10 crimson imps
  4 bullfrog skeletons
  4 bullfrog zombies
  5 centaur zombies
  7 hounds
  A quasit (D:11)
  21 orc priests
  4 centaur skeletons
  24 orc wizards
  3 hell rats (Lair:3)
  5 iguanas
  9 worker ants
  2 hound zombies
  A hound skeleton (D:7)
  A worker ant zombie (D:9)
  19 adders
  3 river rats (Lair:3)
  8 shadow imps
  2 oozes
  An adder skeleton (D:4)
  An adder zombie (D:6)
  6 worms
  2 dart slugs (D:2)
  4 leopard geckos
  101 orcs
  4 giant cockroaches
  13 goblins
  4 hobgoblins
  4 jackals (D:6)
  24 kobolds
  6 quokkas
  A ball python (D:4)
  4 bats
  2 frilled lizards
  A goblin skeleton (D:9)
  2 goblin zombies (D:9)
  2 kobold skeletons (D:9)
  3 orc skeletons (D:9)
  An orc zombie (D:9)
  A quokka skeleton (D:8)
  2 quokka zombies (D:5)
  18 rats
  4 fungi (D:10)
  2 plants (Lair:6)
1061 creatures vanquished.

Vanquished Creatures (collateral kills)
  The ghost of Linguinho the Fighter, a journeyman TrFi of the Shining One (Lair:5)
  The ghost of Jeban the Spear-Bearer, a journeyman OpFi of Gozag (Lair:5)
  The ghost of Majang the Cleaver, a journeyman GrGl of Makhleb (Lair:5)
  A naga warrior (Snake:3)
  A warg (Orc:2)
  A naga (Snake:3)
  2 orc priests (Orc:2)
  2 orcs (Orc:2)
10 creatures vanquished.

Vanquished Creatures (others)
  A polar bear (IceCv)
  2 yaks (IceCv)
  A crimson imp (D:10)
  An adder zombie (D:10)
  A dart slug (D:2)
  12 fungi
  15 plants
  4 withered plants (Lair:5)
37 creatures vanquished.

Grand Total: 1108 creatures vanquished

Notes
Turn   | Place    | Note
-------+----------+-------------------------------------------
     0 | D:1      | Curus the Minotaur Gladiator began the quest for the Orb.
     0 | D:1      | Reached XP level 1. HP: 18/18 MP: 0/0
   183 | D:1      | Reached XP level 2. HP: 25/25 MP: 1/1
   760 | D:2      | Reached skill level 5 in Staves
   761 | D:2      | Found a glowing silver altar of Zin.
   761 | D:2      | Noticed an angel
   763 | D:2      | Found a shimmering altar of Xom.
   807 | D:2      | Reached XP level 3. HP: 29/30 MP: 2/2
  1096 | D:2      | Reached XP level 4. HP: 24/37 MP: 3/3
  2287 | D:4      | Reached XP level 5. HP: 42/42 MP: 4/4
  2522 | D:4      | Noticed a sky beast
  2526 | D:4      | Killed a sky beast
  2526 | D:4      | Reached XP level 6. HP: 42/50 MP: 5/5
  2583 | D:4      | You fall into a shaft and drop 3 floors!
  2628 | D:6      | Found a bloodstained altar of Trog.
  2635 | D:6      | Reached XP level 7. HP: 43/55 MP: 6/6
  2638 | D:6      | Reached skill level 10 in Staves
  2662 | D:6      | Became a worshipper of Trog the Wrathful
  2832 | D:5      | Entered Level 5 of the Dungeon
  2945 | D:5      | Noticed a hippogriff
  2954 | D:5      | Killed a hippogriff
  2954 | D:5      | Reached * piety under Trog
  2954 | D:5      | Reached XP level 8. HP: 51/61 MP: 7/7
  3573 | D:4      | Identified the +9 plate armour of Qoux {Str+2}
  3814 | D:6      | Noticed Grinder
  3823 | D:6      | Killed Grinder
  3829 | D:6      | Reached ** piety under Trog
  3960 | D:6      | Reached XP level 9. HP: 64/68 MP: 8/8
  4032 | D:6      | Reached skill level 1 in Armour
  4360 | D:7      | Reached *** piety under Trog
  4360 | D:7      | Reached skill level 5 in Fighting
  4435 | D:7      | Found a staircase to the Ecumenical Temple.
  4612 | D:7      | Reached skill level 5 in Armour
  4843 | D:7      | Found a sacrificial altar of Ru.
  5292 | D:8      | Found a radiant altar of Vehumet.
  5374 | D:8      | Reached XP level 10. HP: 86/86 MP: 9/9
  5408 | D:8      | Noticed a two-headed hydra
  5414 | D:8      | Killed a two-headed hydra
  5496 | D:8      | Noticed a two-headed ogre
  5509 | D:8      | Killed a two-headed ogre
  5513 | D:8      | Found a bloodstained altar of Trog.
  5526 | D:8      | Reached **** piety under Trog
  6062 | D:9      | Noticed a death knight
  6127 | D:10     | Entered Level 10 of the Dungeon
  6127 | D:10     | Found a staircase to the Orcish Mines.
  6188 | D:9      | Received a gift from Trog
  6214 | D:9      | Reached skill level 10 in Fighting
  6226 | D:9      | Found a glowing golden altar of the Shining One.
  6474 | D:9      | Reached skill level 10 in Armour
  6511 | D:9      | Found a staircase to the Lair.
  6519 | D:9      | Reached XP level 11. HP: 100/101 MP: 10/10
  6535 | Lair:1   | Entered Level 1 of the Lair of Beasts
  6617 | Lair:1   | Noticed Gastronok
  6633 | Lair:1   | Killed Gastronok
  6763 | Lair:1   | Noticed Grum
  6768 | Lair:1   | Reached ***** piety under Trog
  6792 | Lair:1   | Reached skill level 5 in Evocations
  6798 | Lair:1   | Killed Grum
  7030 | Lair:1   | Found a runed translucent gate.
  7030 | Lair:1   | Found a runed translucent gate.
  7030 | Lair:1   | Found a runed translucent gate.
  7684 | Lair:1   | Noticed Curus's ghost (novice MiGl)
  7700 | Lair:1   | Killed Curus's ghost
  7803 | Lair:2   | Noticed a six-headed hydra
  7810 | Lair:2   | Killed a six-headed hydra
  7972 | Lair:2   | Noticed a four-headed hydra
  7981 | Lair:2   | Killed a four-headed hydra
  8033 | Lair:2   | Found an ancient bone altar of Kikubaaqudgha.
  8156 | Lair:2   | Found a staircase to the Snake Pit.
  8231 | Lair:2   | Found a staircase to the Swamp.
  8623 | Lair:3   | Noticed Prince Ribbit
  8634 | Lair:3   | Killed Prince Ribbit
  8643 | Lair:3   | Reached XP level 12. HP: 92/112 MP: 15/15
  8787 | Lair:3   | Noticed a four-headed hydra
  8803 | Lair:3   | Killed a four-headed hydra
  8893 | Lair:3   | Received a gift from Trog
  9042 | Lair:3   | Found a runed translucent door.
  9045 | Lair:3   | Noticed ponobo's ghost (journeyman DrCj)
  9155 | Lair:3   | Noticed a seven-headed hydra
  9161 | Lair:3   | Killed a seven-headed hydra
  9197 | Lair:3   | Noticed a six-headed hydra
  9203 | Lair:3   | Killed a six-headed hydra
  9315 | Lair:3   | Identified the +3 spear of Wounding {freeze, rN+ Int+7}
  9473 | Lair:4   | Noticed a six-headed hydra
  9484 | Lair:4   | Killed a six-headed hydra
  9970 | Lair:5   | Found a runed translucent gate.
  9970 | Lair:5   | Found a runed translucent gate.
  9970 | Lair:5   | Found a runed translucent gate.
 10004 | Lair:5   | Noticed Majang's ghost (journeyman GrGl)
 10004 | Lair:5   | Noticed Jeban's ghost (journeyman OpFi)
 10004 | Lair:5   | Noticed Linguinho's ghost (journeyman TrFi)
 10357 | Lair:5   | Found a viscous altar of Jiyva.
 10357 | Lair:5   | Found a staircase to the Slime Pits.
 10649 | Lair:5   | Killed Jeban's ghost
 10652 | Lair:5   | Killed Linguinho's ghost
 10652 | Lair:5   | Received a gift from Trog
 10652 | Lair:5   | Reached XP level 13. HP: 95/125 MP: 16/16
 10657 | Lair:5   | Killed Majang's ghost
 10665 | Lair:5   | Got a slimy iron ring
 10669 | Lair:5   | Identified the ring "Trusted Companion" {rPois MR+ EV+3
                  | Str+2} (You found it on level 5 of the Lair of Beasts)
 10687 | Lair:6   | Entered Level 6 of the Lair of Beasts
 10814 | Lair:6   | Reached skill level 15 in Fighting
 10942 | Lair:6   | Reached skill level 15 in Armour
 11677 | Lair:6   | Noticed a dire elephant
 11677 | Lair:6   | Noticed a dire elephant
 11687 | Lair:6   | Killed a dire elephant
 11692 | Lair:6   | Killed a dire elephant
 11705 | Lair:6   | Got a polished great mace
 11746 | Lair:6   | Noticed a dire elephant
 11748 | Lair:6   | Noticed a dire elephant
 11762 | Lair:6   | Killed a dire elephant
 11773 | Lair:6   | Killed a dire elephant
 11784 | Lair:6   | Noticed a dire elephant
 11797 | Lair:6   | Killed a dire elephant
 11810 | Lair:6   | Noticed a dire elephant
 11823 | Lair:6   | Killed a dire elephant
 11823 | Lair:6   | Reached ****** piety under Trog
 11878 | Lair:6   | Received a gift from Trog
 11878 | Lair:6   | Reached XP level 14. HP: 106/138 MP: 17/17
 11967 | Lair:3   | Killed ponobo's ghost
 12345 | D:9      | Got a flickering lapis lazuli ring
 12347 | D:9      | Identified the ring of Anaig {rPois rC+} (You found it on
                  | level 9 of the Dungeon)
 12449 | D:9      | Identified the +8 great mace "Roeruirr" {venom, *Contam
                  | rPois MR+ Str+3} (You found it on level 6 of the Lair of
                  | Beasts)
 12451 | D:10     | Noticed Sonja
 12465 | D:10     | Killed Sonja
 12478 | D:10     | Noticed Fannar
 12491 | D:10     | Killed Fannar
 13045 | Orc:1    | Entered Level 1 of the Orcish Mines
 13101 | Orc:1    | Noticed Nergalle
 13113 | Orc:1    | Killed Nergalle
 13469 | Orc:2    | Entered Level 2 of the Orcish Mines
 13499 | Orc:2    | Found a roughly hewn altar of Beogh.
 13604 | Orc:2    | Found a staircase to the Elven Halls.
 13658 | Orc:2    | Received a gift from Trog
 13716 | Orc:2    | Found a roughly hewn altar of Beogh.
 13739 | Orc:2    | Found Pebuefyel's Antique Armour Shoppe.
 13864 | Orc:2    | Noticed an orc warlord
 13890 | Orc:2    | Killed an orc warlord
 13947 | Orc:2    | Found Borub's Antique Weapon Emporium.
 13961 | Orc:2    | Found Gowuiz's Antique Armour Shoppe.
 13962 | Orc:2    | Found a roughly hewn altar of Beogh.
 13976 | Orc:2    | Bought a pair of embroidered boots for 247 gold pieces
 14057 | Orc:2    | Found a roughly hewn altar of Beogh.
 14115 | Orc:2    | Found a roughly hewn altar of Beogh.
 14207 | Orc:2    | Found a roughly hewn altar of Beogh.
 14208 | Orc:2    | Found Ziuzexung's Gadget Boutique.
 14225 | Orc:2    | Received a gift from Trog
 14280 | Orc:2    | Found Qiebay's Jewellery Emporium.
 14288 | Orc:2    | Bought the ring of Ajolim {Dex+4 SInv} for 420 gold pieces
 14338 | Orc:2    | Found a roughly hewn altar of Beogh.
 14621 | D:11     | Found the +11 plutonium sword {*Contam Stlth-}
 14665 | D:11     | Noticed Snorg
 14678 | D:11     | Killed Snorg
 15071 | D:12     | Gained mutation: Your mind is acute. (Int +2) [potion of
                  | mutation]
 15071 | D:12     | Gained mutation: You have supernaturally acute eyesight.
                  | (SInv) [potion of mutation]
 15300 | D:13     | Noticed Urug
 15314 | D:13     | Killed Urug
 15362 | D:13     | Received a gift from Trog
 15432 | D:13     | Found Pabuffen's Antique Weapon Shop.
 15432 | D:13     | Noticed Azrael
 15454 | D:13     | Killed Azrael
 15495 | D:13     | Reached XP level 15. HP: 97/150 MP: 6/18
 16240 | D:14     | You fall into a shaft and drop 1 floor!
 16240 | D:15     | Entered Level 15 of the Dungeon
 16246 | D:15     | Found Qinem's Jewellery Emporium.
 16405 | D:15     | Received a gift from Trog
 16577 | D:15     | Found a corrupted altar of Lugonu.
 16590 | D:15     | Found a frozen archway.
 16599 | IceCv    | Entered an ice cave
 16899 | IceCv    | Received a gift from Trog
 16955 | IceCv    | Noticed a frost giant
 16974 | IceCv    | Killed a frost giant
 17355 | D:14     | Noticed Kirke
 17372 | D:14     | Killed Kirke
 17696 | D:14     | Reached XP level 16. HP: 154/162 MP: 6/19
 17730 | D:14     | Got a clouded zirconium amulet
 17791 | D:14     | Received a gift from Trog
 18077 | D:14     | Found a gate to the Vaults.
 18428 | D:14     | Identified the amulet "Tylewej" {Faith rElec} (You found it
                  | on level 14 of the Dungeon)
 18653 | D:15     | Found a staircase to the Depths.
 19125 | Swamp:1  | Entered Level 1 of the Swamp
 19153 | Swamp:1  | Noticed a tentacled monstrosity
 19157 | Swamp:1  | Received a gift from Trog
 19171 | Swamp:1  | Killed a tentacled monstrosity
 19187 | Swamp:1  | Noticed Jorgrun
 19357 | Swamp:1  | Killed Jorgrun
 20079 | Swamp:2  | Noticed a tentacled monstrosity
 20091 | Swamp:2  | Killed a tentacled monstrosity
 20988 | Swamp:3  | Noticed Donald
 21001 | Swamp:3  | Killed Donald
 21053 | Swamp:3  | Reached XP level 17. HP: 112/176 MP: 6/20
 21260 | Swamp:4  | Entered Level 4 of the Swamp
 21423 | Snake:1  | Entered Level 1 of the Snake Pit
 21449 | Snake:1  | Noticed Aizul
 21467 | Snake:1  | Killed Aizul
 21501 | Snake:1  | Received a gift from Trog
 21985 | Snake:2  | Found Qifat's Magic Scroll Emporium.
 22016 | Snake:2  | Received a gift from Trog
 22039 | Snake:2  | Bought a scroll of fog for 32 gold pieces
 22039 | Snake:2  | Bought a scroll of fog for 32 gold pieces
 22039 | Snake:2  | Bought a scroll of enchant armour for 120 gold pieces
 22675 | Snake:3  | HP: 1/178 [naga sharpshooter/bolt (21)]
 22675 | Snake:3  | Shot with an arrow by a naga sharpshooter

Levels and vault maps discovered:
D:1:      mrwooster_arrival_statue_2, layout_basic
D:2:      layout_loops_corners, grunt_temple_overflow_order_and_chaos_1,
          serial_forest, infiniplex_forest_straight_2, infiniplex_forest_split,
          infiniplex_forest_diagonal, infiniplex_forest_straight_5,
          infiniplex_forest_zigzag_1, infiniplex_forest_clump_C,
          infiniplex_forest_lined_corner, kennysheep_generic_room_9
D:3:      layout_rooms, first_ration
D:4:      layout_loops_ring, nicolae_overflow_hidden_temple, minmay_quantized
D:5:      layout_basic
D:6:      minmay_chambers_of_fours, layout_basic, trog_ov_bears_minmay,
          nicolae_ossuary_entry_ruins, uniq_grinder
D:7:      layout_gridville, minmay_temple_entry_hall,
          nicolae_ru_sacrificial_ziggurat
D:8:      layout_gridville, kennysheep_mini, hangedman_ranch
          [blue_anna_fruit_fields], st_stairs_4, trog_hazing_becter
D:9:      layout_grid_maze, nicolae_tso_besieged_by_evil, erik_lair_dragon,
          minmay_mirror_moons_of_madness
D:10:     layout_cave_pools, orc_0_dummy, water_boxes_lemuel, uniq_sonja,
          uniq_fannar
D:11:     layout_roguey, uniq_snorg
D:12:     layout_big_octagon
D:13:     layout_cave_pools, special_room [special_room_bee], serial_shops,
          shop, wad_floor_pattern_untrapped, uniq_azrael, uniq_urug
D:14:     minmay_spiral_squares, layout_layer_cave, grunt_vaults_entry_tiered,
          uniq_kirke
D:15:     grunt_enter_depths_snipers, layout_long_grid,
          portal_ice_cave_entry_pillars_1, serial_shops, nicolae_shop_crystal,
          ebering_dispersal_statue_hall, tgw_lugonu_bribe
Lair:1:   layout_small_grid, ebering_ghost_rock_garden, uniq_gastronok,
          uniq_grum
Lair:2:   layout_cave_pods, swamp_mist_pool, guppyfry_snake_entry_garden,
          basic_altar
Lair:3:   layout_chaotic_city, ebering_ghost_funeral_grove,
          kennysheep_abandoned_house, uniq_prince_ribbit2
Lair:4:   layout_misc_corridors
Lair:5:   layout_roguey, slime_altar_1, gammafunk_ghost_cemetery, minmay_holes,
          beast_lair_carwin_5, grunt_megastairs_1, lemuel_fruit_tree
Lair:6:   due_jungle_book, layout_misc_corridors
Swamp:1:  layout_basic_swamp, nicolae_swamp_round_clearing, uniq_jorgrun
Swamp:2:  layout_falls_marsh, evilmike_swamp_ruin_house_2, swamp_pool5
Swamp:3:  layout_falls_marsh, hangedman_swamp_lotus, uniq_donald
Swamp:4:  swamp_pestilence, layout_basic_swamp, swamp_pool1, grunt_hermit_hut,
          infiniplex_staircase_pool
Snake:1:  layout_grid_shapes, uniq_aizul
Snake:2:  layout_cave_shapes, serial_shops, shop
Snake:3:  layout_rooms, basic_altar, grunt_ministairs_11
Orc:1:    layout_caves, uniq_nergalle
Orc:2:    grunt_orc_community_town_hall, layout_caves,
          grunt_orc_community_big_house_2, grunt_orc_community_big_house_1,
          grunt_orc_community_house_3, grunt_orc_community_house_1,
          grunt_orc_community_house_2, grunt_orc_community_house_2,
          grunt_orc_community_house_1, serial_shops, nicolae_shop_stone

Skill      XL: |  1  2  3  4  5  6  7  8  9 10 11 12 13 14 15 16 17 |
---------------+----------------------------------------------------+-----
Staves         | 4 5 6 8 9 11 13 14 | 14.0
Armour         | 6 10 11 14 16 18 20 21 22 | 22.4
Fighting       | 7 10 12 14 16 18 20 21 22 | 22.5
Evocations     | 6 |  6.2
Throwing       | |  2.0
Dodging        | |  3.2

Action                   |  1- 3 |  4- 6 |  7- 9 | 10-12 | 13-15 | 16-18 || total
-------------------------+-------+-------+-------+-------+-------+-------++-------
Melee: Quarterstaff      |    72 |   111 |   293 |   525 |   747 |       ||  1748
       Headbutt          |     9 |    18 |    52 |   137 |   396 |   195 ||   807
       Lajatang          |       |       |       |       |   751 |   723 ||  1474
Invok: Berserk           |       |       |     1 |     2 |     4 |     3 ||    10
       Brothers in Arms  |       |       |       |     1 |     1 |     2 ||     4
       Trog's Hand       |       |       |       |       |       |     2 ||     2
Evoke: Wand              |       |       |     4 |     8 |    10 |     3 ||    25
  Use: Scroll            |     3 |     4 |     3 |    10 |     3 |     6 ||    29
       Potion            |     2 |     2 |     3 |     2 |     5 |     1 ||    15
 Stab: Distracted        |       |       |       |       |     1 |       ||     1
  Eat: Chunk             |     1 |     4 |     9 |    10 |    20 |     7 ||    51
       Ration            |       |       |     1 |     3 |     2 |     4 ||    10
Armor: Leather armour    |    12 |    21 |    18 |       |       |       ||    51
       Plate armour      |       |       |    90 |   339 |  1086 |   582 ||  2097
Dodge: Dodged            |    52 |    49 |   110 |   171 |   660 |   348 ||  1390
